cohdb
Replays
Latest Replays
All Replays
Popular Replays
Top Player Replays
Match Explorer
How It Works
Community
CoH3 Stats
Reddit
Sign in to upload your games and track your stats! →
Sign in with Steam
Match 35550944
Unlisted
Match 35550944
Overview
Messages
Build Orders
End
Construct Barracks
Selects Airborne Battlegroup
Selects Heavy Machine Gun Paradrop
Heavy Machine Gun Paradrop
Riflemen Squad
Grenade Package
M1 Mortar Team
Selects Paratrooper Squad Paradrop
Riflemen Squad
Construct Medical Station
Infantry Support Center
Heavy Machine Gun Paradrop
Paratrooper Squad Paradrop
Selects Recon Loiter
Construct Motor Pool
Selects Anti-tank Gun Team Paradrop
Selects Recon Loiter
Anti-tank Gun Team Paradrop
M8 Greyhound Armored Car
Engineer Squad
Riflemen Squad
Jamin
오광
la
Turtleboy
0
0
Comments
sign in to comment!
No comments posted yet!